 Dungeon Crawl Stone Soup version 0.31-a0-240-gb923e448b6 (webtiles) character file.

Game seed: 7917286537569386400

42 qw the Shooter (level 3, 0/21 HPs)
             Began as a Gargoyle Hexslinger on July 11, 2023.
             Slain by a goblin
             ... wielding a +0 dagger
             ... led by Robin
              (3 damage)
             ... on level 2 of the Dungeon.
             The game lasted 00:00:16 (830 turns).

qw the Shooter (Gargoyle Hexslinger)                 Turns: 830, Time: 00:00:17

Health: 0/21       AC:  5    Str: 11    XL:     3   Next: 56%
Magic:  4/4        EV: 12    Int: 13    God:
Gold:   44         SH:  0    Dex: 14    Spells: 3/4 levels left

rFire   . . .        Y - +1 sling
rCold   . . .        (no shield)
rNeg    + . .        c - +0 robe
rPois   inf          (no helmet)
rElec   +            (no cloak)
rCorr   .            (no gloves)
SInv    .            (no boots)
Will    .....        (no amulet)
Stlth   +            (no ring)
HPRegen 0.23/turn    (no ring)
MPRegen 0.09/turn

%: no passive effects
@: about to teleport
A: sickness immunity, AC +3, negative energy resistance 1, electricity
resistance, torment resistance 1, petrification resistance
a: no special abilities


You were on level 2 of the Dungeon.
You visited 1 branch of the dungeon, and saw 2 of its levels.

You collected 44 gold pieces.


Innate Abilities, Weirdness & Mutations

You are immune to sickness and miasma.
Your stone body is resilient. (AC +3)
You are immune to poison.
You resist negative energy. (rN+)
You are resistant to electric shocks. (rElec)
You are resistant to unholy torment.
You are immune to petrification.


   Skills:
 - Level 2.0 Fighting
 + Level 3.4 Ranged Weapons
 - Level 1.5 Dodging
 - Level 1.0 Spellcasting
 - Level 2.6 Hexes


You had 3 spell levels left.
You knew the following spells:

 Your Spells              Type           Power      Damage    Failure   Level
a - Slow                  Hex            28%        N/A       10%         1

Your spell library contained the following spells:

 Spells                   Type           Power      Damage    Failure   Level
 Inner Flame              Hex/Fire       4%         N/A       43%         3
 Portal Projectile        Hex/Tloc       8%         N/A       43%         3
 Cause Fear               Hex            3%         N/A       67%         4

Inventory:

Hand Weapons
 Y - a +1 sling (weapon)
Armour
 c - a +0 robe (worn)
Jewellery
 b - a ring of see invisible
Scrolls
 d - a scroll of immolation {unknown}
 g - a scroll of fear {unknown}
Potions
 e - a potion of attraction {unknown}
 f - a potion of mutation {unknown}

Dungeon Overview and Level Annotations

Branches:
Dungeon (2/15)

Altars:

Annotations:
D:2 Robin


Message History

The sling bullet barely misses the goblin.
The goblin hits you with a +0 dagger. The goblin barely misses you.
Robin says, "Kneel, worm!"
You shoot a sling bullet. The sling bullet hits the goblin.
You kill the goblin!
The goblin closely misses you. Robin throws the goblin at you!
The goblin hits you but does no damage.
You shoot a sling bullet. The sling bullet hits the goblin.
You kill the goblin!
The goblin hits you but does no damage. The goblin barely misses you.
The goblin closely misses you. The goblin barely misses you.
You shoot a sling bullet. The sling bullet hits the goblin.
The goblin is heavily wounded.
The goblin misses you. The goblin hits you but does no damage.
Robin throws the goblin at you!
You shoot a sling bullet.
The sling bullet barely misses the goblin.
The goblin closely misses you.
Robin roars a battlecry!
The goblins go into a battle-frenzy!
The goblin misses you. The goblin hits you with a +0 club.
You shoot a sling bullet. The sling bullet hits the goblin.
You kill the goblin!
Robin throws the goblin at you!
A goblin comes into view. It is wielding a +0 club.
The goblin hits you with a +0 club. The goblin hits you but does no damage.
The goblin hits you with a +0 dagger. The goblin barely misses you.
828 ||| Stepping ~*~*~tactically~*~*~ (outnumbered).
The goblin attacks as you move away! The goblin hits you but does no damage.
The goblin attacks as you move away! The goblin barely misses you.
You see here a +0 club.
You shoot a sling bullet. The sling bullet hits the goblin.
You kill the goblin!
The goblin hits you but does no damage. The goblin barely misses you.
The goblin hits you with a +0 dagger.
830 ||| READING scroll of teleportation.
As you read the scroll of teleportation, it crumbles to dust.
You feel strangely unstable.
The goblin barely misses you. x2; The goblin hits you with a +0 dagger.
You die...

##~.. ~~~~~~~~~~~~~~~~
#.8.. .~~~~~~~~~~~~~#
#.8.)8.# #~~~~~~~.####
###......#
######.###...
.........# #####.###.##
#....#.####.%.......>.
##.....).....###%###.#.
#...ggg)#......#.# #...
#.#..#@g#.##.#.#.# ####
g... #....##.#.#># ...#
##.####..(..# .#
#......#.###
#....#######.# #....
#.# ##... #.# #... #..
#... ###


You could see Robin and 3 goblins.

Vanquished Creatures
  A gnoll (D:1)
  A worm (D:2)
  A dart slug (D:2)
  4 bats
  2 endoplasms
  9 goblins
  3 hobgoblins
  A ball python (D:1)
  A frilled lizard (D:1)
  A kobold (D:1)
24 creatures vanquished.

Notes
Turn   | Place    | Note
-------+----------+-------------------------------------------
     0 | D:1      | qw the Gargoyle Hexslinger began the quest for the Orb.
     0 | D:1      | Reached XP level 1. HP: 12/12 MP: 2/2
     0 | D:1      | 0 ||| qw: Version: 0.3-a-52-g30416fa
     0 | D:1      | 0 ||| qw: Game counter: 5968
     0 | D:1      | 0 ||| qw: Melee chars always use a shield: true
     0 | D:1      | 0 ||| qw: God list: Okawaru
     0 | D:1      | 0 ||| qw: Allow faded altars: false
     0 | D:1      | 0 ||| qw: Do Orc after clearing Dungeon:15 true
     0 | D:1      | 0 ||| qw: Do second Lair branch before Depths: true
     0 | D:1      | 0 ||| qw: Lair rune preference: random
     0 | D:1      | 0 ||| qw: Goals: Normal
     0 | D:1      | 0 ||| PLANNING D:1-11
   257 | D:1      | Reached XP level 2. HP: 16/16 MP: 3/3
   380 | D:1      | HP: 4/16 [gnoll/+0 spear (3)]
   383 | D:1      | HP: 1/16 [gnoll/+0 spear (4)]
   388 | D:1      | Reached skill level 3 in Ranged Weapons
   688 | D:1      | 688 ||| READING 2 scrolls labelled BIYSYI SEDATH.
   691 | D:1      | 691 ||| READING scroll labelled ILE FOOF ROSMIAMO.
   692 | D:1      | 692 ||| DROPPING scroll of poison.
   727 | D:2      | Reached XP level 3. HP: 20/20 MP: 4/4
   819 | D:2      | Noticed Robin
   828 | D:2      | 828 ||| Stepping ~*~*~tactically~*~*~ (outnumbered).
   829 | D:2      | HP: 3/21 [goblin/+0 dagger[Robin] (4)]
   830 | D:2      | 830 ||| READING scroll of teleportation.
   830 | D:2      | Slain by a goblin

Levels and vault maps discovered:
D:1:      minmay_arrival_three_doors, layout_loops_ring,
          minmay_misc_feat_nine_boxes, minmay_misc_feat_iff, skrybe_limestone_x
D:2:      wander_river, layout_loops_cross, basic_altar, uniq_robin,
          uniq_terence

Skill      XL: |  1  2  3 |
---------------+----------+-----
Ranged Weapons | 3 |  3.4
Fighting       | 2 |  2.0
Dodging        | |  1.5
Spellcasting   | |  1.0
Hexes          | |  2.6

Action                     || total
---------------------------++-------
   Fire: Sling             ||    70
    Use: Scroll            ||     3
 Armour: Robe              ||    14
  Dodge: Dodged            ||    30

Table legend:
 A = Non-vault XP
 B = Vault XP
 C = Vault XP percentage of total XP
 D = Non-vault monster count
 E = Vault monster count
 F = Vault count percentage of total count
                 A         B        C        D         E       F
            +---------+---------+-------+---------+---------+-------
      Total |      49 |      12 |  19.7 |      18 |       6 |  25.0
            +---------+---------+-------+---------+---------+-------
        D:1 |      32 |       0 |   0.0 |      11 |       0 |   0.0
        D:2 |      17 |      12 |  41.4 |       7 |       6 |  46.2
            +---------+---------+-------+---------+---------+-------
